 Dungeon Crawl Stone Soup version 0.18.1-48-g4cf74bf (webtiles) character file.

11305 Kisielow the Nimble (level 11, -2/87 HPs)
             Began as a Merfolk Transmuter on June 26, 2016.
             Was a Follower of Qazlal.
             Slain by a yak (14 damage)
             ... on level 11 of the Dungeon.
             The game lasted 00:30:12 (14913 turns).

Kisielow the Nimble (Merfolk Transmuter)           Turns: 14913, Time: 00:30:13

Health: -2/87      AC:  7    Str: 10    XL:     11   Next: 75%
Magic:  10/14      EV: 20    Int: 16    God:    Qazlal [*.....]
Gold:   634        SH:  2    Dex: 15    Spells: 3 memorised, 2 levels left

rFire  . . .     SeeInvis .       - Unarmed
rCold  . . .     Gourm    .     A - +0 robe {MR+}
rNeg   . . .     Faith    .     (shield currently unavailable)
rPois  .         Spirit   .     q - +0 helmet
rElec  .         Dismiss  .     H - +0 cloak
rCorr  .         Reflect  .     (gloves currently unavailable)
SustAt +         Harm     .     k - +2 pair of boots
MR     +....                    (no amulet)
Stlth  +.........               l - ring of sustain attributes
                                i - +3 ring of slaying

@: blade hands, somewhat resistant to hostile enchantments, very unstealthy
A: change form in water, swift swim
a: End Transformation, Renounce Religion


You were on level 11 of the Dungeon.
You worshipped Qazlal.
Qazlal was aware of your devotion.
You were hungry.
You had blades for hands.
You visited 3 branches of the dungeon, and saw 14 of its levels.

You collected 634 gold pieces.

Inventory:

Missiles
 a - 213 arrows
Armour
 k - a +2 pair of boots (worn)
 q - a +0 helmet (worn)
 y - a +1 pair of gloves (melded)
 A - a +0 robe of magic resistance (worn)
 C - the +0 plate armour of the Six Hells {rElec rN+}
   (You acquired it on level 9 of the Dungeon)

   It insulates you from electricity.
   It protects you from negative energy.
 H - a +0 cloak (worn)
Jewellery
 e - an uncursed ring of fire
 i - a +3 ring of slaying (left scythe-like blade)
 l - a ring of sustain attributes (right scythe-like blade)
 B - an uncursed amulet of faith
 G - an uncursed ring of protection from magic {unknown}
Wands
 b - a wand of random effects (25/48)
 f - a wand of random effects (13/48)
 p - a wand of hasting (5/9)
 w - a wand of acid (5/15)
 F - a wand of polymorph (6/24)
Scrolls
 g - 3 scrolls of fog
 n - 3 scrolls of amnesia
 r - 3 scrolls of teleportation
 s - 4 scrolls of recharging
 v - 2 scrolls of identify
 z - 2 scrolls of enchant weapon
 E - a scroll of remove curse
Potions
 j - a potion of brilliance
 m - 2 potions of curing
 o - 2 potions of might
 x - a potion of haste
Books
 c - a book of Changes

   Spells                             Type                      Level
   a - Beastly Appendage              Transmutation                1
   b - Sticks to Snakes               Transmutation                2
   c - Spider Form                    Transmutation/Poison         3
   d - Ice Form                       Ice/Transmutation            4
   e - Blade Hands                    Transmutation                5
 t - a book of Debilitation

   Spells                             Type                      Level
   a - Corona                         Hexes                        1
   b - Slow                           Hexes                        2
   c - Gell's Gravitas                Hexes/Translocation          3
   d - Inner Flame                    Hexes/Fire                   3
   e - Cause Fear                     Hexes                        4
   f - Leda's Liquefaction            Hexes/Earth                  4
Comestibles
 d - 7 bread rations
 h - 4 meat rations
 u - 7 beef jerkies
 D - a slice of pizza


   Skills:
 + Level 8.6 Fighting
 * Level 12.4 Dodging
 + Level 11.4 Unarmed Combat
 - Level 2.0 Spellcasting
 - Level 11.3 Transmutations
 - Level 3.0 Poison Magic


You had 2 spell levels left.
You knew the following spells:

 Your Spells              Type           Power        Failure   Level  Hunger
e - Ice Form              Ice/Trmt       ###.....     63%         4    #####..
q - Spider Form           Trmt/Pois      ###.......   28%         3    ###....
w - Blade Hands           Trmt           #####.....   41%         5    ######.


Dungeon Overview and Level Annotations

Branches:
Dungeon (12/15)            Temple (1/1) D:7            Lair (1/8) D:9
    Orc (0/2) D:11

Altars:
Ashenzari
Cheibriados
Dithmenos
Elyvilon
Fedhas
Gozag
Kikubaaqudgha
Makhleb
Nemelex Xobeh
Okawaru
Pakellas
Qazlal
Ru
Sif Muna
Trog
Vehumet
Xom
Yredelemnul
Zin
The Shining One

Shops:
D:4 [   D:5 *


Message History

The yak gores you! The yak completely misses you. The yak gores you!
The steam dragon barely misses you.
The steam dragon claws you but does no damage.
You climb upwards.
There is a stone staircase leading down here.
You barely miss the yak. The yak barely misses you. The yak misses you.
You slice the yak!!
The yak is heavily wounded.
The steam dragon breathes steam at you. The ball of steam hits you!
The yak gores you! The yak closely misses you.
You barely miss the steam dragon.
You are engulfed in a cloud of scalding steam.
The steam dragon breathes steam at you. The ball of steam hits you!
* * * LOW HITPOINT WARNING * * *
The yak gores you!
* * * LOW HITPOINT WARNING * * *
The yak gores you!
You die...

.......#≈≈≈≈≈≈≈≈≈≈≈≈≈≈≈≈≈≈≈≈≈≈≈≈≈
.......#≈≈≈≈≈≈≈≈≈≈≈≈≈≈≈≈≈≈≈≈≈≈≈≈≈
.......#≈≈≈≈≈≈≈≈≈≈≈≈≈≈≈≈≈≈≈≈≈≈≈≈≈
.......##########################
...<...........................(.
.................................
.................................
...............Y§................
.....))........D@Y...............
.................)...............
......)..........................
.................................
.................................
..........<......................
.................................
.......##########################
.......#≈≈≈≈≈≈≈≈≈≈≈≈≈≈≈≈≈≈≈≈≈≈≈≈≈


You could see 2 yaks and a steam dragon.

Vanquished Creatures
  The ghost of Elizilla the Grappler, a novice TrMo (D:8)
  Pikel (D:6)
  An ugly thing (D:11)
  A gargoyle (D:10)
  3 yaktaurs
  A troll (D:10)
  Grinder (D:4)
  Prince Ribbit (D:6)
  4 slime creatures
  11 yaks
  A wyvern (D:10)
  The ghost of Gargoyl the Skirmisher, an amateur DsAK of Lugonu (D:3)
  3 hippogriffs
  Grum (D:10)
  A black bear (D:9)
  2 ice beasts
  A wasp (D:9)
  2 phantoms
  An eye of draining (D:4)
  2 necrophages
  A sky beast (D:11)
  8 ogres
  5 centaurs
  3 wolves (D:10)
  2 big kobolds
  7 giant frogs
  4 scorpions
  12 killer bees
  7 wights
  A vampire bat (D:3)
  A howler monkey (D:9)
  4 crimson imps
  3 hounds
  2 giant frog skeletons
  A jelly (D:6)
  10 orc priests
  2 iguanas
  6 orc wizards
  A worker ant (D:10)
  A hound zombie (D:7)
  5 gnolls (D:4)
  14 adders
  A river rat (D:3)
  5 shadow imps
  An ooze (D:4)
  An adder zombie (D:5)
  4 adder skeletons
  7 worms
  A dart slug (D:3)
  7 giant geckos
  36 orcs
  6 bats
  2 bat skeletons (D:3)
  3 bat zombies (D:3)
  8 giant cockroaches
  11 goblins
  4 hobgoblins
  3 jackals
  14 kobolds
  2 quokkas
  A ball python (D:4)
  2 giant newts (D:4)
  2 jackal skeletons
  A quokka skeleton (D:7)
  5 rats
267 creatures vanquished.

Vanquished Creatures (others)
  2 orcs (D:6)
2 creatures vanquished.

Grand Total: 269 creatures vanquished

Notes
Turn   | Place    | Note
--------------------------------------------------------------
     0 | D:1      | Kisielow the Merfolk Transmuter began the quest for the Orb.
     0 | D:1      | Reached XP level 1. HP: 15/15 MP: 3/3
   159 | D:1      | Reached XP level 2. HP: 19/21 MP: 5/5
  1093 | D:2      | Reached XP level 3. HP: 11/26 MP: 6/6
  1187 | D:2      | Learned a level 3 spell: Spider Form
  1474 | D:2      | Reached skill level 1 in Poison Magic
  1783 | D:2      | Reached XP level 4. HP: 32/32 MP: 7/7
  2324 | D:3      | Noticed Gargoyl's ghost (amateur DsAK)
  2561 | D:4      | Found Zecuew's Antique Armour Shop.
  2605 | D:4      | Reached XP level 5. HP: 28/37 MP: 1/8
  2775 | D:4      | Reached skill level 5 in Transmutations
  3267 | D:4      | Found a bloodstained altar of Trog.
  3267 | D:4      | Noticed an eye of draining
  3289 | D:4      | Killed an eye of draining
  3289 | D:4      | Reached skill level 3 in Dodging
  3289 | D:4      | Reached skill level 5 in Unarmed Combat
  3289 | D:4      | Reached XP level 6. HP: 43/43 MP: 1/9
  3394 | D:4      | Noticed Grinder
  3397 | D:4      | Paralysed by Grinder for 3 turns
  3412 | D:4      | Killed Grinder
  3412 | D:4      | Reached skill level 4 in Dodging
  3412 | D:4      | Reached XP level 7. HP: 35/51 MP: 8/10
  3562 | D:4      | Found a shadowy altar of Dithmenos.
  3843 | D:5      | Entered Level 5 of the Dungeon
  3916 | D:5      | Learned a level 5 spell: Blade Hands
  4292 | D:5      | Found Vusoemad's Assorted Antiques.
  4512 | D:3      | Killed Gargoyl's ghost
  4512 | D:3      | Reached XP level 8. HP: 48/59 MP: 4/11
  4586 | D:3      | Reached skill level 5 in Dodging
  5264 | D:3      | Found an ancient bone altar of Kikubaaqudgha.
  5508 | D:6      | Noticed Prince Ribbit
  5511 | D:6      | Noticed an angel
  5801 | D:6      | Reached skill level 6 in Dodging
  5933 | D:6      | Found a shimmering altar of Xom.
  5941 | D:6      | Killed Prince Ribbit
  5976 | D:6      | Noticed Pikel
  5989 | D:6      | Killed Pikel
  5989 | D:6      | Reached skill level 5 in Fighting
  5989 | D:6      | Reached skill level 7 in Dodging
  5989 | D:6      | Reached XP level 9. HP: 68/68 MP: 8/12
  6190 | D:6      | Found a glowing silver altar of Zin.
  6308 | D:6      | Found an opulent altar of Gozag.
  6526 | D:6      | Found a burning altar of Makhleb.
  6818 | D:6      | Reached skill level 8 in Dodging
  6818 | D:6      | Reached skill level 10 in Unarmed Combat
  7806 | D:7      | Found a staircase to the Ecumenical Temple.
  7898 | Temple   | Entered the Ecumenical Temple
  7913 | Temple   | Became a worshipper of Qazlal Stormbringer
  8110 | D:7      | Reached XP level 10. HP: 76/76 MP: 9/13
  8293 | D:7      | Found a shattered altar of Ashenzari.
  8582 | D:8      | Reached skill level 10 in Transmutations
  9326 | D:8      | Noticed Elizilla's ghost (novice TrMo)
  9338 | D:8      | Killed Elizilla's ghost
  9574 | D:8      | Learned a level 4 spell: Ice Form
  9590 | D:8      | Found a white marble altar of Elyvilon.
  9745 | D:8      | Found an oddly glowing altar of Pakellas.
  9853 | D:8      | Reached * piety under Qazlal
  9983 | D:9      | Reached skill level 9 in Dodging
 10213 | D:9      | Found a staircase to the Lair.
 10216 | D:9      | Found a bloodstained altar of Trog.
 10987 | D:9      | Identified a scroll of acquirement
 10990 | D:9      | Got a bronze plate armour
 11001 | D:9      | Identified the +0 plate armour of the Six Hells {rElec rN+} (You acquired it on level 9 of the Dungeon)
 11312 | D:9      | Reached skill level 10 in Dodging
 11400 | Lair:1   | Entered Level 1 of the Lair of Beasts
 11407 | D:9      | Reached ** piety under Qazlal
 11407 | D:9      | Reached XP level 11. HP: 77/84 MP: 8/14
 11447 | D:10     | Entered Level 10 of the Dungeon
 12195 | D:10     | Reached skill level 11 in Dodging
 12679 | D:11     | Noticed Grum
 12861 | D:10     | Killed Grum
 12950 | D:11     | Found a staircase to the Orcish Mines.
 13688 | D:11     | Noticed a green ugly thing
 13706 | D:11     | Killed a green ugly thing
 13706 | D:11     | Reached skill level 12 in Dodging
 14913 | D:11     | Slain by a yak

Skill      XL: |  1  2  3  4  5  6  7  8  9 10 11 |
---------------+----------------------------------+-----
Unarmed Combat | 4 5 6 7 9 10 11 | 11.4
Transmutations | 3 4 5 8 11 | 11.3
Poison Magic   | 1 2 3 |  3.0
Dodging        | 3 4 7 8 10 12 | 12.4
Fighting       | 2 3 5 6 7 8 |  8.6
Spellcasting   | |  2.0

Action                   |  1- 3 |  4- 6 |  7- 9 | 10-12 || total
-------------------------+-------+-------+-------+-------++-------
Melee: Unarmed           |    76 |    90 |   276 |   346 ||   788
       Punch             |     1 |     2 |     5 |     3 ||    11
 Cast: Beastly Appendage |     1 |       |       |       ||     1
       Spider Form       |       |     8 |    31 |    22 ||    61
       Blade Hands       |       |       |     1 |    14 ||    15
  Use: Potion            |     1 |       |     5 |     3 ||     9
       Scroll            |       |     9 |     5 |     6 ||    20
 Stab: Sleeping          |       |     2 |     1 |     1 ||     4
       Distracted        |       |     1 |     1 |       ||     2
  Eat: Chunk             |     3 |     6 |    15 |    22 ||    46
       Bread ration      |       |       |     1 |       ||     1
       Meat ration       |       |       |       |     1 ||     1
       Beef jerky        |       |       |       |     1 ||     1
Armor: Robe              |    14 |    14 |    23 |    12 ||    63
       Skin              |       |     1 |     2 |     6 ||     9
Dodge: Dodged            |    64 |    54 |   242 |   340 ||   700
Block: Other             |       |       |       |    14 ||    14
